 Dungeon Crawl Stone Soup version 0.19-a0-994-g3c636f0 (webtiles) character file.

107 MrRokkomies the Caller (level 4, 0/24 HPs)
             Began as a Tengu Summoner on July 15, 2016.
             Succumbed to a worker ant's poison
             ... on level 3 of the Dungeon.
             The game lasted 00:07:11 (2752 turns).

MrRokkomies the Caller (Tengu Summoner)             Turns: 2752, Time: 00:07:11

Health: 0/24       AC:  4    Str:  9    XL:     4   Next: 86%
Magic:  7/9        EV: 12    Int: 16    God:
Gold:   125        SH:  0    Dex: 14    Spells: 3 memorised, 0 levels left

rFire  . . .     SeeInvis .     a - +1 dagger (drain)
rCold  . . .     Gourm    .     g - +0 leather armour
rNeg   . . .     Faith    .     (no shield)
rPois  .         Spirit   .     (helmet restricted)
rElec  .         Dismiss  .     p - +0 cloak
rCorr  .         Reflect  .     (no gloves)
SustAt .         Harm     .     (boots unavailable)
MR     .....                    (no amulet)
Stlth  ++........               (no ring)
                                (no ring)

@: lethally poisoned (0 -> -5), not resistant to hostile enchantments,
unstealthy
A: beak, talons 3
a: no special abilities


You were on level 3 of the Dungeon.
You were not hungry.

You visited 1 branch of the dungeon, and saw 3 of its levels.

You collected 125 gold pieces.

Inventory:

Hand Weapons
 a - a +1 dagger of draining (weapon)
 b - a +0 hunting sling
Missiles
 d - 104 stones (quivered)
 h - 15 sling bullets
Armour
 g - a +0 leather armour (worn)
 p - a +0 cloak (worn)
Scrolls
 j - 2 scrolls of identify
 o - a scroll of fog
Potions
 k - a potion of brilliance
Books
 e - a book of Callings

   Spells                             Type                      Level
   a - Summon Small Mammal            Summoning                    1
   b - Call Imp                       Summoning                    2
   c - Call Canine Familiar           Summoning                    3
   d - Summon Guardian Golem          Hexes/Summoning              3
   e - Summon Lightning Spire         Summoning/Air                4
   f - Summon Ice Beast               Ice/Summoning                4
Comestibles
 c - a bread ration
 f - 3 meat rations
 i - a royal jelly
 m - 4 fruits


   Skills:
 * Level 1.3 Slings
 - Level 2.1 Dodging
 - Level 2.0 Stealth
 - Level 3.0 Spellcasting
 * Level 6.2 Summonings


You couldn't memorise any spells.
You knew the following spells:

 Your Spells              Type           Power        Failure   Level  Hunger
a - Call Canine Familiar  Summ           ###.....     8%          3    ###....
b - Call Imp              Summ           ###.....     2%          2    ##.....
c - Summon Lightning Spi  Summ/Air       ##......     82%         4    #####..


Dungeon Overview and Level Annotations

Branches:
Dungeon (3/15)

Altars:
Qazlal


Innate Abilities, Weirdness & Mutations

You have a beak for a mouth.
You have claws for feet.


Message History

Okay, then.
Unknown command.
You hit the worker ant but do no damage.
You claw the worker ant, but do no damage.
The worker ant is severely wounded.
* * * LOW HITPOINT WARNING * * *
You feel sick.
Your hound bites the worker ant.
The worker ant misses you.
Your hound bites the worker ant but does no damage.
You hit the worker ant but do no damage.
Your kick misses the worker ant.
The worker ant is almost dead.
* * * LOW HITPOINT WARNING * * *
You feel sick. The worker ant barely misses you.
Your hound bites the worker ant.
The worker ant dies!
There is a lethal amount of poison in your body!
There is a lethal amount of poison in your body!
* * * LOW HITPOINT WARNING * * *
You feel sick.
You die...

#.o§#§##§.....#
#.§§..§§.....#
#.§#.##§###### #####.#.##.#
#####
#.....#.##.############....
#.....#.##.................
#.......###############....
#.....o.#### ##+#.
##..$#..oh@+ #. #...#...###
#. #####...# #. #...# #.
#...# #.#. #...# #.#. #....
.... ##..# #########...
#.......#...


You could see 2 orcs and a friendly hound.

Vanquished Creatures
  An adder (D:2)
  A worm (D:1)
  2 dart slugs (D:1)
  A giant gecko (D:2)
  2 orcs (D:3)
  2 giant cockroaches (D:2)
  3 goblins (D:2)
  3 hobgoblins
  8 jackals
  A quokka (D:2)
  2 ball pythons (D:1)
  4 bats
  3 giant newts
  A kobold (D:1)
  7 rats
41 creatures vanquished.

Vanquished Creatures (collateral kills)
  An orc wizard (D:3)
  A worker ant (D:3)
  An adder (D:2)
  A worm (D:2)
  An orc (D:3)
  A bat (D:2)
  2 giant cockroaches
  3 jackals (D:2)
  A quokka (D:2)
  A giant newt (D:2)
  A kobold (D:2)
14 creatures vanquished.

Vanquished Creatures (others)
  A fungus (D:1)
1 creature vanquished.

Grand Total: 56 creatures vanquished

Notes
Turn   | Place    | Note
-------+----------+-------------------------------------------
     0 | D:1      | MrRokkomies the Tengu Summoner began the quest for the Orb.
     0 | D:1      | Reached XP level 1. HP: 10/10 MP: 4/4
    93 | D:1      | Reached skill level 5 in Summonings
   436 | D:1      | Reached XP level 2. HP: 6/15 MP: 6/6
  1237 | D:1      | Learned a level 2 spell: Call Imp
  1289 | D:2      | Reached XP level 3. HP: 19/19 MP: 4/7
  1660 | D:2      | Learned a level 3 spell: Call Canine Familiar
  2247 | D:2      | Reached XP level 4. HP: 18/24 MP: 5/9
  2263 | D:2      | Found a stormy altar of Qazlal.
  2370 | D:2      | Learned a level 4 spell: Summon Lightning Spire
  2490 | D:3      | Reached skill level 6 in Summonings
  2494 | D:3      | Reached skill level 1 in Slings
  2750 | D:3      | HP: 1/24 [poisoned by a worker ant]
  2752 | D:3      | Succumbed to a worker ant's poison

Vault maps used:
D:1:      dpeg_arrival_prison
D:2:      old_standard_altar
D:3:      first_bread, uniq_terence

Skill      XL: |  1  2  3  4 |
---------------+-------------+-----
Summonings     | 5 6 |  6.2
Spellcasting   | 3 |  3.0
Slings         | 1 |  1.3
Dodging        | |  2.1
Stealth        | |  2.0

Action                   |  1- 3 |  4- 6 || total
-------------------------+-------+-------++-------
Melee: Club              |     9 |       ||     9
       Unarmed           |     6 |       ||     6
       Kick              |    22 |     7 ||    29
       Short sword       |    36 |       ||    36
       Peck              |     5 |     2 ||     7
       Dagger            |    68 |    34 ||   102
 Fire: Hunting sling     |       |     6 ||     6
 Cast: Summon Small Mamm |     4 |       ||     4
       Call Imp          |     4 |       ||     4
       Call Canine Famil |     2 |     5 ||     7
  Use: Scroll            |     6 |     2 ||     8
       Potion            |     1 |       ||     1
 Stab: Sleeping          |     1 |     2 ||     3
  Eat: Chunk             |     4 |     3 ||     7
Armor: Robe              |     7 |       ||     7
       Leather armour    |    24 |    10 ||    34
       Skin              |     7 |       ||     7
Dodge: Dodged            |    87 |    20 ||   107
